 Dungeon Crawl Stone Soup version 0.32-a0-814-g0968bab981 (webtiles) character file.

Game seed: 14476416343674243135

5314 runemasterragnar the Slicer (level 10, 0/79 HPs)
             Began as a Coglin Wanderer on Mar 22, 2024.
             Was a Priest of Wu Jian.
             Slain by a shadow (20 damage)
             ... on level 10 of the Dungeon.
             The game lasted 00:13:54 (8649 turns).

runemasterragnar the Slicer (Coglin Wanderer)       Turns: 8649, Time: 00:13:54

Health: 0/79       AC: 13    Str: 15    XL:     10   Next: 64%
Magic:  10/10      EV:  7    Int:  7    God:    Wu Jian [***...]
Gold:   602        SH:  0    Dex: 20    Spells: 9/9 levels left

rFire   + + .        p - +10 rapier "Ykor" {spect, rPois rF+}
rCold   . . .        v - +3 short sword (elec) {Tae}
rNeg    . . .        K - +0 chain mail {rF+}
rPois   +            O - +0 helmet
rElec   .            H - +2 cloak {rPois}
rCorr   .            (no gloves)
SInv    .            d - +0 pair of boots
Will    .....        (amulet unavailable) Stlth
                     (ring unavailable)
HPRegen 0.33/turn    (ring unavailable)
MPRegen 0.12/turn    (no gizmo)

%: no passive effects
@: about to teleport
A: off-hand wielding, slow wielding, warmup strikes, no jewellery
a: Invent Gizmo, Renounce Religion, Wall Jump, Serpent's Lash


You were on level 10 of the Dungeon.
You worshipped Wu Jian.
Wu Jian was most pleased with you.
You visited 2 branches of the dungeon, and saw 11 of its levels.
You also visited: Ossuary.

You collected 780 gold pieces.
You spent 178 gold pieces at shops.

Inventory:

Hand Weapons
 a - a +0 falchion {Goro}
 g - a +0 dagger {Jingyi}
 p - the +10 rapier "Ykor" (weapon) {spect, rPois rF+}
   (You found it on level 2 of the Dungeon)

   rF+:       It protects you from fire.
   rPois:     It protects you from poison.
 v - a +3 short sword of electrocution (offhand) {Tae}
Missiles
 j - 23 poisoned darts (quivered)
 n - 9 javelins
 L - 6 curare-tipped darts
 Q - 9 boomerangs
Armour
 d - a +0 pair of boots (worn)
 E - a +0 leather armour of fire resistance
 F - a scarf of repulsion
 H - a +2 cloak of poison resistance (worn)
 K - a +0 chain mail of fire resistance (worn)
 O - a +0 helmet (worn)
 P - the scarf of Mumblety Peg {shadows, Str+4 Stlth-}
   (You found it on level 10 of the Dungeon)

   Str+4:     It affects your strength (+4).
   Stlth-:    It makes you less stealthy.
Wands
 f - a wand of digging (6)
 s - a wand of flame (28)
 J - a wand of mindburst (9)
Scrolls
 c - a scroll of fear
 h - 2 scrolls of brand weapon
 q - 3 scrolls of vulnerability
 r - 2 scrolls of enchant weapon
 y - a scroll of revelation
 A - 2 scrolls of poison {unknown}
 B - 3 scrolls of amnesia
 C - a scroll of silence
 D - a scroll of immolation
 G - a scroll of teleportation
 M - a scroll of fog {unknown}
 N - a scroll of noise {unknown}
Potions
 b - a potion of mutation {unknown}
 e - 2 potions of lignification
 i - 10 potions of curing
 k - 4 potions of might
 l - 4 potions of haste
 m - 4 potions of degeneration
 o - 3 potions of invisibility
 t - a potion of brilliance
 w - 6 potions of magic
 x - 2 potions of attraction
 z - 2 potions of cancellation {unknown}
 I - a potion of ambrosia {unknown}


   Skills:
 + Level 7.0 Fighting
 * Level 9.0(9.2) Short Blades
 - Level 3.1(7.0) Long Blades
 + Level 6.1 Throwing
 - Level 1.0 Armour
 - Level 2.6 Dodging
 - Level 3.6 Unarmed Combat
 + Level 8.1 Evocations


You had 9 spell levels left.
You didn't know any spells.
Your spell library contained the following spells:

 Spells                   Type           Power      Damage    Failure   Level
 Apportation              Tloc           0%         N/A       100%        1
 Slow                     Hex            0%         N/A       100%        1
 Jinxbite                 Hex            0%         N/A       100%        2
 Scorch                   Fire           0%         2d5       100%        2
 Confusing Touch          Hex            0%         N/A       100%        3
 Sigil of Binding         Hex            0%         N/A       100%        3
 Vampiric Draining        Necr           0%         2d6       100%        3
 Flame Wave               Conj/Fire      0%         2d4       100%        4
 Alistair's Intoxication  Alch           0%         N/A       100%        5
 Death Channel            Necr           0%         N/A       100%        6
 Sculpt Simulacrum        Ice/Alch       0%         N/A       100%        6
 Summon Cactus Giant      Summ           0%         N/A       100%        6


Dungeon Overview and Level Annotations

Branches:
Dungeon (10/15)            Temple (1/1) D:5             Orc (0/2) D:9
Ossuary (visited)
   Lair: D:8-11

Altars:
Ashenzari
Cheibriados
Dithmenos
Elyvilon
Fedhas
Hepliaklqana
Kikubaaqudgha
Makhleb
Nemelex Xobeh
Okawaru
Qazlal
Ru
Sif Muna
Trog
Uskayaw
Vehumet
Wu Jian
Xom
Yredelemnul
Zin
The Shining One

Shops:
D:5 *


Innate Abilities, Weirdness & Mutations

You can wield a second weapon in your off-hand.
It takes a long time for you to wield or remove held weapons.
Your first few attacks do less damage.
You cannot equip rings or amulets.


Message History

You throw a poisoned dart.
The poisoned dart hits the centaur warrior!
The centaur warrior looks as sick as possible!
The centaur warrior is lightly wounded.
The centaur warrior shoots an arrow.
The arrow closely misses you.
Unknown command.
Throw: 24 darts (poison)
Press: ? - help, Q - select action, (/) - cycle Shift-Dir - straight line, f/p - centaur warrior
Aim: a centaur warrior, wielding a +0 shortbow (lightly wounded, extremely poisoned, 72% to hit)
You throw a poisoned dart.
The poisoned dart barely misses the centaur warrior.
The poisoned dart hits the shadow!
The shadow slips into darkness.
The shadow flickers and vanishes!
Deactivating autopickup; reactivate with Ctrl-A.
The centaur warrior shoots an arrow.
The arrow hits you!
* * * LOW HITPOINT WARNING * * *
Okay, then.
Okay, then.
You feel much better.
The centaur warrior shoots an arrow.
The arrow hits you.
Unknown command.
Aiming: Mindburst
Press: ? - help, Shift-Dir - straight line, f/p - centaur warrior
Aim: a centaur warrior, wielding a +0 shortbow (lightly wounded, extremely poisoned, chance to affect: 76%)
The centaur warrior's mind is blasted!!
The centaur warrior shoots an arrow.
The arrow hits you!
* * * LOW HITPOINT WARNING * * *
The centaur warrior shoots an arrow.
The arrow hits you.
* * * LOW HITPOINT WARNING * * *
Unknown command.
Aiming: Mindburst
Press: ? - help, Shift-Dir - straight line, f/p - centaur warrior
Aim: a centaur warrior, wielding a +0 shortbow (severely wounded, extremely poisoned, chance to affect: 76%)
Okay, then.
Okay, then.
As you read the scroll of teleportation, it crumbles to dust.
You feel strangely unstable.
The centaur warrior shoots an arrow.
The arrow hits you but does no damage.
The shadow strikes at you from the darkness!
You die...

#W. #.#.# ..# #.#.#
# #.. #.#.# .#
#..##.#.#####.###
#..o.)W..((.....##
#......###co..)...
#..##..# #.##.#.##
#.. #..# #.# # ..#
#..# #@##.#.# #..
###..###.....§##
)$#
#......)....§§§..
$/
###.....######§§###
#.....#......§.§#
#####...######. #
.#. #..## .<. ##.#
.. #.#


You could see a centaur warrior (extremely poisoned) and an orc warrior.

Vanquished Creatures
  Pikel (D:6)
  A hornet (D:9)
  Sigmund (D:5)
  A shadow (D:9)
  3 yaks (D:10)
  A wyvern (D:9)
  Menkaure (Ossuary)
  2 acid dragons
  A water moccasin (D:8)
  2 black bears (D:4)
  4 orc warriors (D:9)
  An ice beast (D:6)
  2 sky beasts
  2 centaurs
  4 lemures (D:6)
  3 kobold brigands
  A gnoll sergeant (D:7)
  7 scorpions
  4 bullfrogs
  3 wights (D:6)
  4 howler monkeys
  3 hounds
  4 jellies
  7 orc priests
  2 iguanas
  12 orc wizards
  4 mummies
  6 gnolls
  3 adders
  A shadow imp (D:6)
  2 white imps
  A ribbon worm (D:4)
  3 dart slugs
  48 orcs
  8 bats
  7 endoplasms
  3 giant cockroaches
  10 goblins
  7 hobgoblins
  2 quokkas
  7 ball pythons
  3 frilled lizards
  4 gnoll zombies (Ossuary)
  4 goblin skeletons (Ossuary)
  4 goblin zombies (Ossuary)
  2 hobgoblin skeletons (Ossuary)
  5 hobgoblin zombies (Ossuary)
  16 kobolds
  5 kobold skeletons (Ossuary)
  3 kobold zombies (Ossuary)
  12 orc skeletons (Ossuary)
  4 orc zombies (Ossuary)
  4 rats
  2 rat skeletons (Ossuary)
  5 rat zombies (Ossuary)
262 creatures vanquished.

Vanquished Creatures (others)
  A spectral weapon (D:4)
1 creature vanquished.

Grand Total: 263 creatures vanquished

Notes
Turn   | Place    | Note
-------+----------+-------------------------------------------
     0 | D:1      | runemasterragnar the Coglin Wanderer began the quest for
                  | the Orb.
     0 | D:1      | runemasterragnar set off with the following items: a +0
                  | falchion {Goro}, a potion of berserk rage, a scroll of
                  | fear, a +0 pair of boots, a potion of lignification, a +0
                  | leather armour, a +0 dagger {Jingyi}.
     0 | D:1      | Reached XP level 1. HP: 13/13 MP: 1/1
    53 | D:1      | Reached XP level 2. HP: 20/20 MP: 2/2
    76 | D:1      | Reached skill level 1 in Fighting
   102 | D:1      | Found a faded altar of an unknown god.
   190 | D:1      | Reached XP level 3. HP: 26/26 MP: 3/3
   813 | D:2      | Identified the +10 rapier "Ykor" {spect, rPois rF+}
  1376 | D:3      | Reached skill level 1 in Short Blades
  1376 | D:3      | Reached XP level 4. HP: 27/33 MP: 4/4
  1866 | D:4      | Noticed a scorpion
  1873 | D:4      | Killed a scorpion
  1874 | D:4      | Reached skill level 2 in Short Blades
  1874 | D:4      | Reached skill level 1 in Throwing
  1874 | D:4      | Reached XP level 5. HP: 38/38 MP: 5/5
  2107 | D:4      | Noticed a black bear
  2113 | D:4      | Killed a black bear
  2114 | D:4      | Reached skill level 3 in Short Blades
  2114 | D:4      | Reached XP level 6. HP: 44/47 MP: 6/6
  2139 | D:4      | Found a sparkling altar of Nemelex Xobeh.
  2314 | D:4      | Found a sand-covered staircase.
  2323 | Ossuary  | Entered an ossuary
  2445 | Ossuary  | Reached XP level 7. HP: 52/52 MP: 7/7
  2568 | Ossuary  | Noticed Menkaure
  2579 | Ossuary  | Killed Menkaure
  2580 | Ossuary  | Reached skill level 4 in Short Blades
  2580 | Ossuary  | Reached skill level 1 in Evocations
  3125 | D:4      | Found an iron altar of Okawaru.
  3719 | D:5      | Entered Level 5 of the Dungeon
  3845 | D:5      | Reached XP level 8. HP: 49/60 MP: 8/8
  4043 | D:5      | Reached skill level 5 in Short Blades
  4052 | D:5      | Noticed Sigmund
  4067 | D:5      | Killed Sigmund
  4177 | D:5      | Found a staircase to the Ecumenical Temple.
  4290 | Temple   | Entered the Ecumenical Temple
  4299 | Temple   | Became a worshipper of the Wu Jian Council
  4633 | D:5      | Found Otoxaut's Assorted Antiques.
  4636 | D:5      | Bought a scroll labelled BEH LUIZUAPIUM for 21 gold pieces
  4636 | D:5      | Bought a runed cloak for 157 gold pieces
  4842 | D:6      | Reached skill level 6 in Short Blades
  4863 | D:6      | Reached skill level 5 in Fighting
  5156 | D:6      | Reached XP level 9. HP: 68/68 MP: 9/9
  5182 | D:6      | Noticed Pikel
  5199 | D:6      | Killed Pikel
  5200 | D:6      | Reached skill level 5 in Evocations
  5886 | D:7      | Reached skill level 7 in Short Blades
  5923 | D:7      | Reached * piety under Wu Jian
  6081 | D:7      | Reached skill level 5 in Throwing
  6228 | D:7      | Found a radiant altar of Vehumet.
  7114 | D:8      | You fall into a shaft and drop 1 floor!
  7190 | D:9      | Reached skill level 8 in Short Blades
  7190 | D:9      | Reached XP level 10. HP: 52/76 MP: 10/10
  7298 | D:9      | Reached ** piety under Wu Jian
  7940 | D:9      | Found a staircase to the Orcish Mines.
  8197 | D:9      | Found a burning altar of Makhleb.
  8253 | D:10     | Entered Level 10 of the Dungeon
  8383 | D:10     | Reached *** piety under Wu Jian
  8468 | D:10     | Identified the scarf of Mumblety Peg {shadows, Str+4
                  | Stlth-}
  8567 | D:10     | Reached skill level 9 in Short Blades
  8628 | D:10     | Noticed a centaur warrior
  8649 | D:10     | Slain by a shadow

Illustrated notes

Levels and vault maps discovered:
D:1:      zelgadis_glass_arrival_small, layout_rooms,
          ebering_ecumenical_altar_petrified, minmay_gold_behind_fungi,
          chequers_decorated_corner
D:2:      layout_loops_cross, nicolae_figureground_pulse
D:3:      layout_basic
D:4:      layout_loops_corners, mainiacjoe_overflow_catch_the_wave,
          gup_ossuary_entry_pyramid, roderic_serpentine_path
D:5:      layout_cave_pods, lemuel_temple_firewalk_b, serial_shops,
          kennysheep_mini, uniq_sigmund
D:6:      layout_loops_ring, uniq_pikel
D:7:      layout_cave_pools, vehumet_altar_wand_db
D:8:      layout_basic
D:9:      layout_loops_cross, kennysheep_mini_moat, david_orc_4
D:10:     minmay_bloctagon, layout_loops_ring, nicolae_gozag_seed_capital,
          chequers_serial_rivers_small_a, statue_in_the_mist_lemuel
Temple:   sentei_temple_godly_chess

Skill      XL: |  1  2  3  4  5  6  7  8  9 10 |
---------------+-------------------------------+-----
Fighting       | 1 2 3 4 5 6 7 |  7.0
Long Blades    | 3 |  3.1
Short Blades   | 1 2 3 4 6 8 9 |  9.0
Throwing       | 1 2 3 4 5 6 |  6.1
Evocations     | 2 4 6 8 |  8.1
Armour         | |  1.0
Dodging        | |  2.6
Unarmed Combat | |  3.6

Action                     |  1- 3 |  4- 6 |  7- 9 | 10-12 || total
---------------------------+-------+-------+-------+-------++-------
  Melee: Falchion          |    64 |       |       |       ||    64
         Dagger            |    71 |     7 |       |       ||    78
         Rapier            |    21 |    60 |   153 |    82 ||   316
         Short sword       |       |    49 |   148 |    79 ||   276
  Throw: Dart              |       |       |    10 |    24 ||    34
         Javelin           |       |       |     7 |       ||     7
Ability: Lunge             |       |       |    18 |    12 ||    30
         Whirlwind         |       |       |       |     3 ||     3
         Wall Jump         |       |       |       |     1 ||     1
  Evoke: Wand              |       |       |       |     1 ||     1
    Use: Scroll            |       |     8 |     9 |     2 ||    19
         Potion            |       |       |     3 |     1 ||     4
   Stab: Sleeping          |     2 |       |     5 |       ||     7
         Distracted        |       |     1 |     1 |       ||     2
 Armour: Leather armour    |    51 |    23 |    83 |       ||   157
         Skin              |       |       |     6 |       ||     6
         Chain mail        |       |       |     8 |    64 ||    72
  Dodge: Dodged            |    49 |    23 |    51 |    21 ||   144

Table legend: (Time is in decaauts)
 A = Elapsed time spent in this place.
 B = Non-inter-level travel time spent in this place.
 C = Inter-level travel time spent in this place.
 D = Time resting spent in this place.
 E = Time spent auto-exploring this place.
 F = Levels seen in this place.
 G = Mean time per level.
                   A        B        C        D        E       F      G
               +--------+--------+--------+--------+--------+-----+--------+
         Total |   8594 |   8203 |    391 |    935 |   5683 |  12 |  716.2 |
       Dungeon |   8042 |   7651 |    391 |    699 |   5663 |  10 |  804.2 |
        Temple |     18 |     18 |      0 |      0 |      0 |   1 |   18.0 |
       Ossuary |    533 |    533 |      0 |    236 |     20 |   1 |  533.0 |
               +--------+--------+--------+--------+--------+-----+--------+

Top non-repeatable levels by time:
     D:4: 1305 daAuts
     D:6: 1084 daAuts
     D:5: 1056 daAuts
     D:9: 1046 daAuts
     D:7: 788 daAuts
     D:3: 671 daAuts
     D:2: 627 daAuts
     D:1: 568 daAuts
 Ossuary: 533 daAuts
     D:8: 510 daAuts
    D:10: 383 daAuts
  Temple: 18 daAuts
